 Dungeon Crawl Stone Soup version 0.20-a0-433-g9e36e56 (webtiles) character file.

10 Amnesiac the Vexing (level 2, -2/19 HPs)
             Began as a Mummy Enchanter on Jan 4, 2017.
             Slain by a leopard gecko (4 damage)
             ... on level 2 of the Dungeon.
             The game lasted 00:01:39 (490 turns).

Amnesiac the Vexing (Mummy Enchanter)                Turns: 490, Time: 00:01:39

Health: -2/19      AC:  3    Str: 11    XL:     2   Next: 10%
Magic:  4/5        EV: 10    Int: 14    God:
Gold:   28         SH:  0    Dex: 12    Spells: 5/6 levels left

rFire  . . .     SeeInvis .     a - +1 dagger
rCold  + . .     Gourm    .     e - +0 ring mail {rF+}
rNeg   + + +     Faith    .     (no shield)
rPois  ∞         Spirit   .     (no helmet)
rElec  .         Reflect  .     (no cloak)
rCorr  .         Harm     .     (no gloves)
MR     .....                    (no boots)
Stlth  +.........               b - amulet of inaccuracy (curse)
                                (no ring)
                                d - -2 ring of protection (curse)

@: no status effects
A: no food or potions, fire vulnerability, cold resistance 1, negative energy
resistance 3, torment resistance, unbreathing
a: no special abilities


You were on level 2 of the Dungeon.
You were not hungry.

You visited 1 branch of the dungeon, and saw 2 of its levels.

You collected 28 gold pieces.

Inventory:

Hand Weapons
 a - a +1 dagger (weapon)
Armour
 e - a +0 ring mail of fire resistance (worn)
Jewellery
 b - a cursed amulet of inaccuracy (around neck)
 d - a cursed -2 ring of protection (left hand)
Scrolls
 f - 2 scrolls of fear
 g - a scroll of identify
Books
 c - a book of Maledictions

   Spells                             Type                      Level
   a - Corona                         Hexes                        1
   b - Ensorcelled Hibernation        Hexes/Ice                    2
   c - Confuse                        Hexes                        3
   d - Tukima's Dance                 Hexes                        3
   e - Dazzling Spray                 Conjuration/Hexes            3


   Skills:
 - Level 0.7 Short Blades
 - Level 1.5 Dodging
 - Level 2.4 Stealth
 + Level 2.8 Spellcasting
 * Level 3.2 Hexes


You had 5 spell levels left.
You knew the following spells:

 Your Spells              Type           Power        Failure   Level  Hunger
f - Corona                Hex            ##.....      17%         1    N/A

Dungeon Overview and Level Annotations

Branches:
Dungeon (2/15)

Altars:
Trog


Innate Abilities, Weirdness & Mutations

You do not eat or drink.
Your flesh is vulnerable to fire.
You are immune to poison.
Your flesh is cold resistant. (rC+)
You are immune to negative energy. (rN+++)
You are immune to unholy pain and torment.
You can survive without breathing.


Message History

A leopard gecko comes into view.
The leopard gecko hisses angrily.
The leopard gecko misses you.
Found a hunting sling.
You see here 14 gold pieces.
Casting: Corona
Confirm with . or Enter, or press ? or * to list all spells.
Aiming: Corona
Press: ? - help, Shift-Dir - straight line, f - leopard gecko
Aim: a leopard gecko (chance to defeat MR: 64%)
The leopard gecko is outlined in light.
The leopard gecko closely misses you. The leopard gecko barely misses you.
You hit the leopard gecko.
The leopard gecko is severely wounded.
The leopard gecko bites you.
* * * LOW HITPOINT WARNING * * *
You barely miss the leopard gecko.
The leopard gecko is severely wounded.
The leopard gecko bites you.
You die...

#.# #.).##.##.##
#.#
#...#......####.
#.#
#.....#.........
#.#
#.#.#......###.
#.# #.#....##.##
#.# #.###>.# .#
#.###.###..#
.##.#
......>.#...)..
##%#...@...#
#......l..#
###.###..## #.
.... #. ..###
..# #.# .#


You could see a leopard gecko.

Vanquished Creatures
  A bat (D:2)
  A goblin (D:2)
  2 hobgoblins
  A kobold (D:2)
  A frilled lizard (D:2)
  4 rats
10 creatures vanquished.

Notes
Turn   | Place    | Note
-------+----------+-------------------------------------------
     0 | D:1      | Amnesiac the Mummy Enchanter began the quest for the Orb.
     0 | D:1      | Reached XP level 1. HP: 13/13 MP: 4/4
   276 | D:2      | Reached skill level 3 in Hexes
   379 | D:2      | Found a bloodstained altar of Trog.
   452 | D:2      | Reached XP level 2. HP: 5/19 MP: 3/5
   490 | D:2      | Slain by a leopard gecko

Vault maps used:
D:1:      sevenhm_arrival_forest_fort_large_3
D:2:      gammafunk_temple_overflow_elements, small_statue_intersection,
          trog_three_pillars_becter

Skill      XL: |  1 |
---------------+----+-----
Hexes          | 3 |  3.2
Short Blades   | |  0.7
Dodging        | |  1.5
Stealth        | |  2.4
Spellcasting   | |  2.8

Action                   || total
-------------------------++-------
Melee: Dagger            ||    43
 Cast: Corona            ||    16
  Use: Scroll            ||     2
Armor: Ring mail         ||    10
Dodge: Dodged            ||    24
